 Dungeon Crawl Stone Soup version 0.27.1-1-g398f81649c (webtiles) character file.

Game seed: 7053624792273686780

2002 ZARRMARR the Sneak (level 9, -2/61 HPs)
             Began as an Octopode Monk on Sept 9, 2021.
             Was a Priest of Okawaru.
             Slain by a steam dragon (10 damage)
             ... on level 7 of the Dungeon.
             The game lasted 00:22:43 (8482 turns).

ZARRMARR the Sneak (Octopode Monk)                  Turns: 8482, Time: 00:22:45

Health: -2/61      AC:  1    Str: 10    XL:     9   Next: 22%
Magic:  12/14      EV: 18    Int: 16    God:    Okawaru [***...]
Gold:   436        SH:  9    Dex: 14    Spells: 13/14 levels left

rFire    . . .     SeeInvis .   e - +7 dagger
rCold    . . .     Faith    .   l - +3 buckler
rNeg     . . .     Spirit   .   (helmet restricted)
rPois    .         Reflect  .   (no amulet)
rElec    .         Harm     .   (no ring)
rCorr    .         Rampage  .   (no ring)
Will     .....                  (no ring)
Stlth    ++++++....             (no ring)
HPRegen  0.20/turn              (no ring)
MPRegen  0.14/turn              (no ring)
                                (no ring)
                                (no ring)

@: heroic
A: almost no armour, amphibious, 8 rings, camouflage 1, gelatinous body 1,
(nimble swimmer 1), tentacles
a: Renounce Religion, Heroism


You were on level 7 of the Dungeon.
You worshipped Okawaru.
Okawaru was most pleased with you.
You visited 2 branches of the dungeon, and saw 8 of its levels.
You also visited: Ossuary.

You collected 695 gold pieces.
You spent 259 gold pieces at shops.

Inventory:

Hand Weapons
 e - a +7 dagger (weapon)
Missiles
 p - 2 boomerangs (quivered)
Armour
 l - a +3 buckler (worn)
Jewellery
 n - a ring of fire
Wands
 f - a wand of digging (7)
 r - a wand of flame (11)
Scrolls
 a - a scroll of torment
 k - a scroll of magic mapping {unknown}
 m - 2 scrolls of immolation
Potions
 b - a potion of degeneration {unknown}
 c - 2 potions of might {unknown}
 d - a potion of flight {unknown}
 g - 2 potions of heal wounds {unknown}
 h - 2 potions of attraction {unknown}
 i - a potion of mutation {unknown}
 o - a potion of curing {unknown}


   Skills:
 + Level 5.1(10.1) Fighting
 + Level 5.3(10.3) Short Blades
 + Level 5.2(10.2) Dodging
 + Level 6.7(11.7) Stealth
 * Level 3.9(8.9) Shields
 + Level 3.4 Spellcasting
 + Level 3.6 Translocations
 + Level 3.9 Invocations


You had 13 spell levels left.
You knew the following spells:

 Your Spells              Type           Power      Damage    Failure   Level
a - Apportation           Tloc           28%        N/A       4%          1

Your spell library contained the following spells:

 Spells                   Type           Power      Damage    Failure   Level
 Animate Skeleton         Necr           4%         N/A       19%         1
 Corona                   Hex            2%         N/A       19%         1
 Foxfire                  Conj/Fire      8%         2x1d4     19%         1
 Summon Small Mammal      Summ           8%         N/A       19%         1
 Slow                     Hex            2%         N/A       26%         2
 Conjure Flame            Conj/Fire      2%         6-21      47%         3
 Inner Flame              Hex/Fire       2%         N/A       47%         3
 Ozocubu's Armour         Ice            2%         N/A       47%         3
 Tukima's Dance           Hex            2%         N/A       47%         3


Dungeon Overview and Level Annotations

Branches:
Dungeon (7/15)             Temple (1/1) D:5         Ossuary (visited)

Altars:
Ashenzari
Dithmenos
Elyvilon
Fedhas
Gozag
Kikubaaqudgha
Makhleb
Nemelex Xobeh
Okawaru
Qazlal
Ru
Sif Muna
Trog
Uskayaw
Vehumet
Wu Jian
Xom
Yredelemnul
Zin
Jiyva

Shops:
D:2 ?

Annotations:
D:4 exclusion: 3 lemures


Innate Abilities, Weirdness & Mutations

You cannot wear most types of armour.
You are amphibious.
You can wear up to eight rings at the same time.
Your skin changes colour to match your surroundings (Stealth+).
Your rubbery body absorbs attacks. (AC +1, EV +1)
((You are camouflaged near water. (Stealth+)))
You have tentacles for arms and can constrict up to eight enemies at once.


Message History

Magic restored.
Things that are here:
a +0 giant spiked club; an ogre corpse
g - 2 bubbling purple potions (gained 1)
You feel like a meek peon again.
Found a scroll of enchant weapon.
Found 7 sling bullets.
There are monsters nearby!
The steam dragon hisses angrily.
The steam dragon breathes steam at you. The ball of steam hits you!!
You are engulfed in a cloud of scalding steam.
You start resting.
A steam dragon is nearby!
The steam dragon closely misses you. The steam dragon claws you.
You closely miss the steam dragon. You block the steam dragon's attack. x2
You gain the combat prowess of a mighty hero.
The steam dragon breathes steam at you. The ball of steam hits you!
You hear an angry hiss.
You hear a shout!
You are engulfed in a cloud of scalding steam.
You hit the steam dragon.
The steam dragon is lightly wounded.
You hit the steam dragon.
The steam dragon is moderately wounded.
A centaur comes into view.
You block the steam dragon's attack. x2
As you read the scroll of fog, it crumbles to dust.
The scroll dissolves into smoke.
The steam dragon bites you!
* * * LOW HITPOINT WARNING * * *
The steam dragon closely misses you.
You barely miss the steam dragon. Your squeeze misses the steam dragon.
The steam dragon is moderately wounded.
You hit the steam dragon. You squeeze the steam dragon.
The steam dragon is severely wounded.
The centaur wields a +0 shortbow.
The centaur shoots an arrow.
The arrow hits you!
* * * LOW HITPOINT WARNING * * *
The steam dragon bites you!
You die...

##+# #.)...#
#. #.##.#.# #.
#.# #
...###.####.#
............#
..#####.#####
#.....####
#.###.YD§# #
#$#§##@#
..§.?#§#
##...##§c #
#(......#.
#)##.#(#.##c#
. ...###.# #
.. ##.g...#
...#####.#####
.........n...#


You could see a steam dragon, a sky beast and a centaur.

Vanquished Creatures
  A water moccasin (D:6)
  2 ice beasts (D:6)
  A black bear (D:6)
  2 necrophages (D:6)
  3 ogres
  A centaur (D:7)
  An elf zombie (Ossuary)
  A bullfrog (D:6)
  2 scorpions
  A howler monkey (D:6)
  A wight (D:6)
  A centaur zombie (Ossuary)
  2 hounds
  Crazy Yiuf (D:3)
  3 orc priests
  A centaur skeleton (D:6)
  3 jellies
  Jessica (D:2)
  3 orc wizards
  2 mummies (Ossuary)
  11 gnolls
  7 adders
  A shadow imp (D:6)
  A white imp (D:6)
  An ufetubus (D:3)
  2 worms (D:2)
  A dart slug (D:4)
  22 orcs
  9 ball pythons
  7 endoplasms
  4 giant cockroaches
  5 gnoll zombies (Ossuary)
  6 goblins
  6 hobgoblins
  5 jackals (D:1)
  8 kobolds
  2 quokkas (D:1)
  3 bats
  2 frilled lizards
  4 hobgoblin zombies (Ossuary)
  3 orc zombies (Ossuary)
  9 rats
152 creatures vanquished.

Notes
Turn   | Place    | Note
-------+----------+-------------------------------------------
     0 | D:1      | ZARRMARR the Octopode Monk began the quest for the Orb.
     0 | D:1      | Reached XP level 1. HP: 16/16 MP: 1/1
   136 | D:1      | Reached skill level 3 in Stealth
   136 | D:1      | Reached XP level 2. HP: 19/21 MP: 2/2
   716 | D:1      | Reached XP level 3. HP: 25/26 MP: 3/3
   837 | D:1      | Found a faded altar of an unknown god.
  1194 | D:2      | Learned a level 1 spell: Apportation
  1269 | D:2      | Found Faofewoi's Magic Scroll Boutique.
  1335 | D:2      | Bought a scroll of fear for 49 gold pieces
  1563 | D:2      | Found an iron altar of Okawaru.
  1578 | D:2      | Reached XP level 4. HP: 31/31 MP: 4/4
  1674 | D:2      | Became a worshipper of Warmaster Okawaru
  1674 | D:2      | Reached * piety under Okawaru
  1674 | D:2      | Reached ** piety under Okawaru
  1871 | D:3      | Reached skill level 4 in Stealth
  2098 | D:2      | Reached XP level 5. HP: 34/36 MP: 3/6
  2116 | D:2      | Reached skill level 1 in Translocations
  2340 | D:2      | Noticed Jessica
  2347 | D:2      | Killed Jessica
  2348 | D:2      | Reached skill level 1 in Spellcasting
  2673 | D:3      | Found a runed translucent door.
  2674 | D:3      | Noticed Crazy Yiuf
  2781 | D:3      | Reached skill level 1 in Invocations
  3211 | D:2      | Bought a scroll of enchant weapon for 105 gold pieces
  3276 | D:3      | Reached XP level 6. HP: 14/43 MP: 5/7
  3948 | D:3      | Killed Crazy Yiuf
  4652 | D:4      | Found a sacrificial altar of Ru.
  4742 | D:4      | Reached XP level 7. HP: 37/48 MP: 6/9
  5084 | D:5      | Entered Level 5 of the Dungeon
  5458 | D:5      | Reached skill level 5 in Stealth
  5633 | D:5      | Found an opulent altar of Gozag.
  5796 | D:5      | Found a glowing silver altar of Zin.
  5855 | D:5      | Found a staircase to the Ecumenical Temple.
  6180 | Temple   | Entered the Ecumenical Temple
  6706 | D:6      | Found an ancient bone altar of Kikubaaqudgha.
  6771 | D:6      | Reached skill level 1 in Shields
  6860 | D:6      | Reached XP level 8. HP: 40/54 MP: 9/11
  7148 | D:6      | Found a shimmering blue altar of Sif Muna.
  7214 | D:6      | Reached *** piety under Okawaru
  7250 | D:6      | Reached skill level 6 in Stealth
  7294 | D:6      | Found a shadowy altar of Dithmenos.
  7296 | D:6      | Found a radiant altar of Vehumet.
  7303 | D:6      | Reached skill level 5 in Short Blades
  7504 | D:6      | Got the Handbook of the Enthralling Glacier
  7512 | D:6      | Reached skill level 5 in Dodging
  7514 | D:6      | Found a hide-covered altar of Uskayaw.
  7872 | D:2      | Bought a scroll of enchant armour for 105 gold pieces
  7990 | D:7      | Reached skill level 5 in Fighting
  7990 | D:7      | Reached XP level 9. HP: 47/61 MP: 13/13
  8030 | D:7      | Found a sand-covered staircase.
  8035 | Ossuary  | Entered an ossuary
  8482 | D:7      | Slain by a steam dragon

Illustrated notes

Levels and vault maps discovered:
D:1:      minmay_arrival_up_and_down, layout_loops_corners,
          shapermc_ecumenical_altar_pompeii
D:2:      layout_basic, basic_altar, serial_shops, shop,
          minmay_misc_feat_diagonals, kennysheep_another_room, uniq_jessica
D:3:      layout_loops_cross, uniq_crazy_yiuf_cottage
D:4:      layout_basic, hangedman_ru_absence, uniq_pikel
D:5:      layout_basic, pdpol_temple_overflow_zin_treasury_gozag_greed,
          minmay_temple_entry_fiery, minmay_misc_feat_iff
D:6:      layout_basic, lemuel_round_altar, marbit_many_paths,
          lemuel_round_altar, jmf_multi_god_temple
D:7:      minmay_the_grid_plus [minmay_the_grid_odd_star,
          minmay_the_grid_dragon_b, minmay_the_grid_small_cups,
          minmay_the_grid_aliased_spiral,
          minmay_the_grid_prize_shrinking_boxes], layout_loops_corners,
          nicolae_ossuary_entry_false_entrances
Temple:   pf_slime_end_temple

Skill      XL: |  1  2  3  4  5  6  7  8 |
---------------+-------------------------+-----
Stealth        | 3 4 5 6 |  6.7
Translocations | 1 2 3 |  3.6
Spellcasting   | 1 2 3 |  3.4
Invocations    | 1 2 3 |  3.9
Short Blades   | 4 5 |  5.3
Dodging        | 4 5 |  5.2
Fighting       | 4 5 |  5.1
Shields        | 1 3 |  3.9

Action                   |  1- 3 |  4- 6 |  7- 9 || total
-------------------------+-------+-------+-------++-------
Melee: Short sword       |    66 |       |       ||    66
       Constrict         |    21 |    37 |    32 ||    90
       Tentacles         |    11 |    24 |    42 ||    77
       Dagger            |    10 |   133 |   176 ||   319
       Punch             |       |     2 |     2 ||     4
Throw: Boomerang         |       |       |     5 ||     5
 Cast: Apportation       |       |       |     3 ||     3
Invok: Heroism           |       |     7 |    12 ||    19
  Use: Scroll            |     1 |     6 |     4 ||    11
 Stab: Sleeping          |    12 |    13 |     8 ||    33
Armor: Skin              |     3 |     3 |     8 ||    14
Dodge: Dodged            |    46 |    67 |    64 ||   177
Block: Buckler           |       |       |    57 ||    57
